 Dungeon Crawl Stone Soup version 0.24.0-13-gcf9b3192b9 (webtiles) character file.

Game seed: 2512869547345998132, levelgen mode: deterministic

4 Matador8 the Vexing (level 1, -2/10 HPs)
             Began as a Vampire Enchanter on Nov 5, 2019.
             Slain by a kobold
             ... wielding a +0 short sword
              (4 damage)
             ... on level 2 of the Dungeon.
             The game lasted 00:01:15 (222 turns).

Matador8 the Vexing (Vampire Enchanter)              Turns: 222, Time: 00:01:15

Health: -2/10      AC:  2    Str:  7    XL:     1   Next: 50%
Magic:  2/3        EV: 12    Int: 17    God:
Gold:   14         SH:  0    Dex: 14    Spells: 3/4 levels left

rFire    . . .     SeeInvis +   a - +1 dagger
rCold    + + .     Gourm    .   (no shield)
rNeg     + + +     Faith    .   b - +0 robe
rPois    ∞         Spirit   .   (no helmet)
rElec    .         Reflect  .   (no cloak)
rCorr    .         Harm     .   (no gloves)
MR       .....                  (no boots)
Stlth    +++++.....             (no amulet)
HPRegen  0.00/turn              (no ring)
MPRegen  0.08/turn              (no ring)

@: bloodless, regenerating quickly
A: no food, fangs 3, see invisible, unbreathing
a: Revivify


You were on level 2 of the Dungeon.
You were bloodless.

You visited 1 branch of the dungeon, and saw 2 of its levels.

You collected 14 gold pieces.

Inventory:

Hand Weapons
 a - a +1 dagger (weapon)
Armour
 b - a +0 robe (worn)
Jewellery
 c - an uncursed ring of magical power {unknown}
Scrolls
 d - a scroll of enchant weapon {unknown}


   Skills:
 + Level 1.2 Short Blades
 - Level 2.1 Dodging
 - Level 4.4 Stealth
 * Level 2.1 Spellcasting
 + Level 4.5 Hexes


You had 3 spell levels left.
You knew the following spells:

 Your Spells              Type           Power        Failure   Level  Hunger
a - Corona                Hex            ###....      3%          1    N/A

Your spell library contained the following spells:

 Spells                   Type           Power        Failure   Level  Hunger
 Confuse                  Hex            ###.....     9%          3    N/A
 Tukima's Dance           Hex            ###.....     9%          3    N/A
 Ensorcelled Hibernation  Hex/Ice        #.....       12%         2    N/A
 Dazzling Spray           Conj/Hex       #.....       22%         3    N/A

Dungeon Overview and Level Annotations

Branches:
Dungeon (1/15)

Altars:


Innate Abilities, Weirdness & Mutations

You do not eat.
You do not regenerate when monsters are visible.
You are frail without blood (-20% HP).
You can heal yourself when you bite living creatures.
You are immune to poison.
You have razor-sharp teeth.
You have supernaturally acute eyesight. (SInv)
You can survive without breathing.


Message History

The kobold misses you.
You hit the kobold but do no damage.
The kobold stops glowing.
The kobold hits you with a +0 short sword.
Casting: Corona (safe; 3% risk of failure)
Confirm with . or Enter, or press ? or * to list all spells.
Aiming: Corona (safe; 3% risk of failure)
Press: ? - help, Shift-Dir - straight line, f/p - kobold
Aim: a kobold, wielding a +0 short sword and wearing a +0 chain mail (chance to defeat MR: 71%)
The kobold is outlined in light.
The kobold hits you with a +0 short sword.
Ouch! That really hurt!
* * * LOW HITPOINT WARNING * * *
You hit the kobold but do no damage. You hit the kobold but do no damage.
The kobold barely misses you.
You hit the kobold but do no damage. You bite the kobold, but do no damage.
The kobold misses you.
You hit the kobold but do no damage. The kobold closely misses you.
You hit the kobold but do no damage.
The kobold hits you with a +0 short sword.
You die...

#.# #..# # #.#######..##.
#######.......)....
........# #...##
#######.# #...# ###.###
#..# #...†.# #..#
#.######.###.######..##.#
#......).# #...†@K..)...#
########.###.######..#..#
..)....#.....# #........
######.....### ##.#..>..
####### #....... ###..(..
#####


You could see a kobold.

Vanquished Creatures
  A giant cockroach (D:2)
  A hobgoblin (D:2)
  A frilled lizard (D:2)
  A rat (D:2)
4 creatures vanquished.

Notes
Turn   | Place    | Note
-------+----------+-------------------------------------------
     0 | D:1      | Matador8 the Vampire Enchanter began the quest for the Orb.
     0 | D:1      | Reached XP level 1. HP: 13/13 MP: 3/3
   116 | D:1      | You fall into a shaft and drop 1 floor!
   222 | D:2      | Slain by a kobold

Levels and vault maps discovered:
D:1:      dpeg_arrival_triangle_fractal, layout_basic
D:2:      layout_loops_ring, tgw_xom

Action                   || total
-------------------------++-------
Melee: Dagger            ||    24
       Bite              ||     5
 Cast: Corona            ||     5
 Abil: Exsanguinate      ||     1
 Stab: Sleeping          ||     2
Armor: Robe              ||     1
Dodge: Dodged            ||    14
